 Dungeon Crawl Stone Soup version 0.27.0-1-g7a089689b8 (webtiles) character file.

Game seed: 15129944063762549269

42 gimp the Chopper (level 3, -3/30 HPs)
             Began as a Barachi Chaos Knight on Aug 3, 2021.
             Was a Plaything of Xom.
             Shot with a stone by a yaktaur (21 damage)
             ... on level 2 of the Dungeon.
             The game lasted 00:02:11 (1534 turns).

gimp the Chopper (Barachi Chaos Knight)             Turns: 1534, Time: 00:02:11

Health: -3/30      AC:  5    Str: 14    XL:     3   Next: 56%
Magic:  3/3        EV: 11    Int: 12    God:    Xom [.*....]
Gold:   44         SH:  0    Dex: 11    Spells: 2/2 levels left

rFire    . . .     SeeInvis .   a - +0 hand axe (chaos)
rCold    . . .     Faith    .   (no shield)
rNeg     . . .     Spirit   .   b - +2 leather armour
rPois    .         Reflect  .   (no helmet)
rElec    .         Harm     .   (no cloak)
rCorr    .         Rampage  .   (no gloves)
Will     +....                  (no boots)
Stlth    +.........             (no amulet)
HPRegen  0.10/turn              i - ring of willpower
MPRegen  0.08/turn              (no ring)

@: unable to hop, slow
A: amphibious, slowness 1, strong legs 1, +LOS
a: Hop, Renounce Religion


You were on level 2 of the Dungeon.
You worshipped Xom.
You were a plaything of Xom.
You visited 1 branch of the dungeon, and saw 2 of its levels.

You collected 44 gold pieces.

Inventory:

Hand Weapons
 a - a +0 hand axe of chaos (weapon)
Missiles
 d - 5 curare-tipped darts
Armour
 b - a +2 leather armour (worn)
 f - a +0 chain mail
Jewellery
 i - a ring of willpower (left hand)
Scrolls
 c - a scroll of enchant weapon {unknown}
 e - 2 scrolls of identify {unknown}
 g - a scroll of holy word {unknown}
 j - a scroll of teleportation {unknown}
Potions
 h - a potion of magic {unknown}


   Skills:
 + Level 4.2 Fighting
 * Level 4.5 Axes
 - Level 2.4 Armour
 - Level 1.1 Dodging


You had 2 spell levels left.
You didn't know any spells.
Your spell library contained the following spells:

 Spells                   Type           Power      Damage    Failure   Level
 Passwall                 Tmut/Erth      0%         N/A       52%         2
 Swiftness                Air            0%         N/A       77%         3
 Invisibility             Hex            0%         N/A       100%        6


Dungeon Overview and Level Annotations

Branches:
Dungeon (2/15)

Altars:


Innate Abilities, Weirdness & Mutations

You are amphibious.
You cover ground slowly.
You can hop short distances.
You have an extended range of vision and can be seen from far away.


Message History

You hear Xom's avuncular chuckle.
The goblin changes into a shapeshifter!
The shapeshifter changes into a yaktaur!
You closely miss the goblin. The goblin barely misses you.
You barely miss the endoplasm. You closely miss the goblin.
The yaktaur picks up a +0 club.
The yaktaur wields a +0 club.
The yaktaur picks up a +0 hunting sling.
The yaktaur wields a +0 hunting sling.
The goblin hits you but does no damage. The endoplasm misses you.
You slash the endoplasm!
You kill the endoplasm!
You barely miss the goblin. The goblin hits you but does no damage.
A hobgoblin comes into view.
The yaktaur picks up 15 stones.
You closely miss the goblin.
The hobgoblin shouts!
The goblin hits you with a +0 club.
You take 2 damage, and have 28/30 hp.
Unknown command.
You barely miss the goblin. The goblin closely misses you.
The goblin hits you but does no damage.
The yaktaur unwields a +0 club.
The yaktaur wields a +0 hunting sling.
The yaktaur shoots a stone.
The stone barely misses you. The goblin closely misses you.
A dart slug comes into view.
The kobold throws a stone.
The stone hits you.
The yaktaur shoots a stone.
The stone hits you!
You take 9 damage, and have 19/30 hp.
MASSIVE DAMAGE!!
You hit the goblin. You freeze the goblin.
The goblin is severely wounded.
The goblin closely misses you.
You miss the kobold. You barely miss the goblin. The goblin misses you.
The kobold barely misses you. The goblin hits you with a +0 club.
You take 2 damage, and have 18/30 hp.
Hop to where?
Press: ? - help, Dir - move target Boing!
The yaktaur shoots a stone.
The stone hits you!!
Ouch! That really hurt!
You die...
Xom snickers!

###. ... ..... .... #
#####.#####...##....
..##.........#.........
.(........##..........
.....................
........>..........##.#
..........†###w..# .#.#
........@........# ...#
............#K...##...###
...........cg....#.......
..........g##○#..#.......
.........#....#..#.......
#..#.##......##..#.......
#. #. #.....##...........
. . .......#..##........
.. .........# #.......(


You could see a yaktaur shaped shifter, a dart slug, a hobgoblin, a goblin and a
kobold.

Vanquished Creatures
  A dart slug (D:1)
  5 ball pythons (D:1)
  4 endoplasms
  2 giant cockroaches (D:1)
  2 goblins (D:1)
  5 hobgoblins (D:1)
  3 jackals (D:1)
  3 kobolds
  2 quokkas
  2 bats (D:1)
  3 frilled lizards
  2 rats (D:1)
34 creatures vanquished.

Notes
Turn   | Place    | Note
-------+----------+-------------------------------------------
     0 | D:1      | gimp the Barachi Chaos Knight began the quest for the Orb.
     0 | D:1      | Reached XP level 1. HP: 18/18 MP: 1/1
    19 | D:1      | XOM: silly message
   308 | D:1      | Found a faded altar of an unknown god.
   315 | D:1      | Reached XP level 2. HP: 22/25 MP: 2/2
   459 | D:1      | XOM: divination: detect creatures
   717 | D:1      | XOM: divination: detect items
   741 | D:1      | XOM: divination: detect creatures
   866 | D:1      | Reached XP level 3. HP: 30/30 MP: 3/3
   999 | D:1      | XOM: cloud trail
  1523 | D:2      | Noticed a shapeshifter
  1523 | D:2      | a goblin changed into a shapeshifter
  1523 | D:2      | XOM: polymorph goblin -> shapeshifter
  1523 | D:2      | Noticed a yaktaur
  1523 | D:2      | a shapeshifter changed into a yaktaur
  1534 | D:2      | Shot with a stone by a yaktaur

Illustrated notes

Levels and vault maps discovered:
D:1:      lemuel_arrival_tunnels, layout_loops_cross,
          chequers_ecumenical_altar_island, minmay_misc_feat_rugged,
          minmay_domino_4
D:2:      layout_rooms, minmay_fountain_box

Skill      XL: |  1  2 |
---------------+-------+-----
Fighting       | 4 |  4.2
Axes           | 4 |  4.5
Armour         | |  2.4
Dodging        | |  1.1

Action                   || total
-------------------------++-------
Melee: Hand axe          ||   122
 Abil: Hop               ||     1
Armor: Leather armour    ||    55
       Chain mail        ||    11
Dodge: Dodged            ||    74
